 Dungeon Crawl Stone Soup version 0.23-a0-303-gfcac5dec12 (console) character file.

2371 cschsch the Cleaver (level 9, -6/78 HPs)
             Began as a Minotaur Fighter on Sept 14, 2018.
             Was a Believer of Okawaru.
             Mangled by a yak (14 damage)
             ... on level 7 of the Dungeon on Oct 8, 2018.
             The game lasted 00:22:33 (5704 turns).

cschsch the Cleaver (Minotaur Fighter)              Turns: 5704, Time: 00:22:34

Health: -6/78      AC:  8    Str: 22    XL:     9   Next: 21%
Magic:  8/8        EV: 11    Int:  5    God:    Okawaru [**....]
Gold:   237        SH:  0    Dex: 17    Spells: 8/8 levels left

rFire    . . .     SeeInvis .   a - +0 war axe
rCold    . . .     Gourm    .   (no shield)
rNeg     . . .     Faith    .   b - +0 scale mail
rPois    +         Spirit   .   (helmet restricted)
rElec    .         Reflect  .   (no cloak)
rCorr    .         Harm     .   h - +0 pair of gloves
MR       .....                  (no boots)
Stlth    ..........             (no amulet)
HPRegen  0.23/turn              r - +5 ring of dexterity
MPRegen  0.11/turn              w - ring of poison resistance

@: no status effects
A: retaliatory headbutt, horns 2
a: Heroism, Renounce Religion


You were on level 7 of the Dungeon.
You worshipped Okawaru.
Okawaru was pleased with you.
You were not hungry.

You visited 2 branches of the dungeon, and saw 8 of its levels.
You also visited: Sewer.

You collected 237 gold pieces.

Inventory:

Hand Weapons
 a - a +0 war axe (weapon)
Armour
 b - a +0 scale mail (worn)
 h - a +0 pair of gloves (worn)
Jewellery
 c - a +1 ring of protection
 r - a +5 ring of dexterity (left hand)
 s - an uncursed ring of protection from cold
 w - a ring of poison resistance (right hand)
Wands
 d - a wand of acid (9)
 p - a wand of flame (17)
Scrolls
 e - 2 scrolls of teleportation {unknown}
 i - 3 scrolls of remove curse
 n - a scroll of enchant armour
 o - a scroll of fog
 t - 2 scrolls of amnesia
 y - a scroll of blinking {unknown}
 z - a scroll of silence {unknown}
Potions
 g - 3 potions of agility
 j - 2 potions of mutation {unknown}
 k - a potion of degeneration {unknown}
 l - 7 potions of curing {unknown}
 m - a potion of invisibility {unknown}
 q - 2 potions of lignification {unknown}
 u - 4 potions of flight {unknown}
 v - a potion of cancellation {unknown}
 x - a potion of magic {unknown}
 A - a potion of might
Comestibles
 f - 8 rations


   Skills:
 + Level 6.9 Fighting
 * Level 12.9 Axes
 - Level 3.6 Armour
 + Level 2.3 Dodging
 - Level 1.0 Stealth
   Level 3.6 Shields


You had 8 spell levels left.
You didn't know any spells.
Your spell library was empty.

Dungeon Overview and Level Annotations

Branches:
Dungeon (7/15)             Temple (1/1) D:5

Altars:
Ashenzari
Cheibriados
Dithmenos
Elyvilon
Fedhas
Gozag
Hepliaklqana
Kikubaaqudgha
Makhleb
Nemelex Xobeh
Okawaru
Qazlal
Ru
Sif Muna
Trog
Uskayaw
Vehumet
Wu Jian
Xom
Yredelemnul
Zin
The Shining One

Shops:
D:6 [


Innate Abilities, Weirdness & Mutations

You reflexively headbutt those who attack you in melee.
You have a pair of horns on your head.


Message History

You closely miss the yak. You hit the yak. The yak gores you! x2
You are too injured to fight recklessly!
You are too injured to fight recklessly!
You are too injured to fight recklessly!
You slash the yak!
You kill the yak!
Okawaru accepts your kill.
You barely miss the yak. The yak gores you!
You hit the yak.
The yak is heavily wounded.
The yak gores you!
* * * LOW HITPOINT WARNING * * *
You slash the yak! You headbutt the yak!
The yak is almost dead.
The yak gores you!
* * * LOW HITPOINT WARNING * * *
You hit the yak but do no damage.
The yak is almost dead.
The yak gores you!
You die...

#....###.##.......###
.....!. #.........##
..... +.........'.
#...# #.........##
#.).# ##.......###
#†..# ##.....## #
##.## ##...## # #Y#
##+## # #@# #.# # #.#
#.# # #.# ##.######
#.# ##........
#.#######.....####
#........#...##
######......##
#...##.# ######.#


You could see a yak.

Vanquished Creatures
  Grinder (D:3)
  3 yaks (D:7)
  2 sky beasts (D:6)
  3 centaurs
  2 ogres
  A big kobold (Sewer)
  A scorpion (D:5)
  3 howler monkeys
  A crimson imp (D:7)
  A bullfrog zombie (D:5)
  A quasit (D:6)
  2 orc priests
  A jelly (D:5)
  3 hounds
  6 orc wizards
  A bullfrog skeleton (D:5)
  Terence (D:2)
  4 worker ants
  2 hound skeletons
  8 adders
  4 gnolls (D:5)
  A worker ant zombie (D:5)
  3 river rats
  A shadow imp (D:5)
  4 oozes
  4 worms
  A dart slug (D:2)
  2 leopard geckos
  17 orcs
  7 bats
  3 giant cockroaches
  8 goblins
  6 hobgoblins
  15 jackals
  4 quokkas
  2 ball pythons
  2 ball python skeletons (D:4)
  2 frilled lizards
  A giant cockroach zombie (D:6)
  A jackal skeleton (D:4)
  7 kobolds
  11 rats
153 creatures vanquished.

Notes
Turn   | Place    | Note
-------+----------+-------------------------------------------
     0 | D:1      | cschsch the Minotaur Fighter began the quest for the Orb.
     0 | D:1      | Reached XP level 1. HP: 19/19 MP: 0/0
   126 | D:1      | Reached skill level 3 in Axes
   126 | D:1      | Reached XP level 2. HP: 27/27 MP: 1/1
   659 | D:2      | Reached XP level 3. HP: 34/34 MP: 2/2
   659 | D:2      | Noticed Terence
   668 | D:2      | Killed Terence
   668 | D:2      | Reached skill level 4 in Axes
   813 | D:2      | Reached XP level 4. HP: 33/41 MP: 3/3
   908 | D:2      | Found a glowing golden altar of the Shining One.
  1600 | D:3      | Found a white marble altar of Elyvilon.
  1637 | D:3      | Reached skill level 5 in Axes
  1656 | D:3      | Found a bloodstained altar of Trog.
  1760 | D:3      | Noticed Grinder
  1772 | D:3      | Paralysed by Grinder for 5 turns
  1784 | D:3      | Killed Grinder
  1784 | D:3      | Reached skill level 7 in Axes
  1784 | D:3      | Reached XP level 5. HP: 17/47 MP: 4/4
  1784 | D:3      | Reached XP level 6. HP: 20/55 MP: 5/5
  2503 | D:4      | Reached skill level 1 in Dodging
  2504 | D:4      | Reached skill level 8 in Axes
  2505 | D:4      | Upgraded the game from 0.23-a0-171-g5ae17c6e89 to
                  | 0.23-a0-303-gfcac5dec12
  2769 | D:4      | Reached skill level 5 in Fighting
  2774 | D:4      | Reached XP level 7. HP: 48/61 MP: 6/6
  3358 | D:5      | Entered Level 5 of the Dungeon
  3408 | D:5      | Reached skill level 9 in Axes
  3408 | D:5      | Reached skill level 1 in Stealth
  3521 | D:5      | Found a glowing drain.
  3526 | Sewer    | Entered a sewer
  3631 | Sewer    | Found a white marble altar of Elyvilon.
  3758 | D:5      | Found a staircase to the Ecumenical Temple.
  3762 | Temple   | Entered the Ecumenical Temple
  4000 | D:5      | Reached skill level 10 in Axes
  4016 | D:5      | Reached XP level 8. HP: 59/69 MP: 7/7
  4697 | D:5      | Found an iron altar of Okawaru.
  4701 | D:5      | Became a worshipper of Warmaster Okawaru
  4734 | D:5      | Reached skill level 11 in Axes
  5209 | D:6      | Reached * piety under Okawaru
  5285 | D:6      | Reached skill level 12 in Axes
  5328 | D:6      | Found Rolamuh's Antique Armour Shop.
  5696 | D:7      | Reached XP level 9. HP: 56/78 MP: 8/8
  5698 | D:7      | Reached ** piety under Okawaru
  5704 | D:7      | Mangled by a yak

Vault maps used:
D:1:      dpeg_arrival_fog
D:2:      nicolae_tso_swordbearing_angel, minmay_misc_feat_roman,
          lemuel_another_geyser, uniq_terence
D:3:      nicolae_overflow_crystal_walls, minmay_misc_feat_encased,
          elyvilon_altar_4, uniq_grinder
D:4:      lemuel_upstairs_altar, minmay_misc_feat_secret_circle
D:5:      marbit_many_paths, minmay_temple_entry_steel_oval,
          lightli_sewer_entry_pipes, first_ration
D:6:      serial_shops, shop
D:7:      basic_altar, grunt_livestock, uniq_pikel, uniq_duvessa, uniq_joseph
Temple:   eino_narrow_crystal_temple
Sewer:    sewer_kobolds

Skill      XL: |  1  2  3  4  5  6  7  8 |
---------------+-------------------------+-----
Fighting       | 4 5 6 |  6.9
Axes           | 3 4 7 8 10 12 | 12.9
Dodging        | 1 2 |  2.3
Stealth        | 1 |  1.0
Armour         | |  3.6
Shields        | |  3.6

Action                   |  1- 3 |  4- 6 |  7- 9 || total
-------------------------+-------+-------+-------++-------
Melee: War axe           |    55 |    71 |   204 ||   330
       Headbutt          |     7 |     7 |    42 ||    56
  Use: Potion            |       |     1 |       ||     1
       Scroll            |       |     1 |     6 ||     7
  Eat: Chunk             |       |     6 |     9 ||    15
Armor: Scale mail        |    28 |    37 |    67 ||   132
Dodge: Dodged            |    33 |    35 |    94 ||   162

Table legend:
 A = Non-vault XP
 B = Vault XP
 C = Vault XP percentage of total XP
 D = Non-vault monster count
 E = Vault monster count
 F = Vault count percentage of total count
                 A         B        C        D         E       F
            +---------+---------+-------+---------+---------+-------
      Total |    2871 |     517 |  15.3 |     132 |      21 |  13.7
            +---------+---------+-------+---------+---------+-------
        D:1 |      38 |       0 |   0.0 |      21 |       0 |   0.0
        D:2 |      42 |      36 |  46.2 |      13 |       1 |   7.1
        D:3 |     105 |     300 |  74.1 |      22 |       1 |   4.3
        D:4 |     358 |       0 |   0.0 |      28 |       0 |   0.0
        D:5 |     933 |      67 |   6.7 |      27 |      10 |  27.0
        D:6 |     730 |       0 |   0.0 |      16 |       0 |   0.0
        D:7 |     665 |       0 |   0.0 |       5 |       0 |   0.0
      Sewer |       0 |     114 | 100.0 |       0 |       9 | 100.0
            +---------+---------+-------+---------+---------+-------
